 Dungeon Crawl Stone Soup version 0.28.0-43-g3370ac3207 (webtiles) character file.

Game seed: 7765805424872926448

555 jimonade the Protected (level 7, 0/52 HPs)
             Began as a Gnoll Wanderer on Mar 16, 2022.
             Succumbed to an orc wizard's poison
             ... on level 7 of the Dungeon.
             The game lasted 00:10:41 (4214 turns).

jimonade the Protected (Gnoll Wanderer)             Turns: 4214, Time: 00:10:42

Health: 0/52       AC: 12    Str: 11    XL:     7   Next: 30%
Magic:  19/19      EV: 11    Int: 10    God:
Gold:   149        SH:  0    Dex: 15    Spells: 10/10 levels left

rFire   . . .      SeeInvis .   z - +10 trident "Caul" {vorpal, Stlth+}
rCold   . . .      Faith    .   (no shield)
rNeg    . . .      Spirit   .   b - +2 scale mail
rPois   .          Reflect  .   d - +0 helmet
rElec   .          Harm     .   (no cloak)
rCorr   .          Rampage  .   (no gloves)
Will    .....                   (no boots)
Stlth   ++........              (no amulet)
HPRegen 0.17/turn               r - ring of magical power
MPRegen 0.16/turn               (no ring)

@: lethally poisoned (0 -> -25)
A: fangs 1, strong nose, distributed training
a: no special abilities


You were on level 7 of the Dungeon.
You visited 1 branch of the dungeon, and saw 6 of its levels.

You collected 149 gold pieces.

Inventory:

Hand Weapons
 a - a +0 short sword
 n - a +2 dagger of protection
 t - a +0 shortbow
 w - a +0 dagger of holy wrath
 z - the +10 trident "Caul" (weapon) {vorpal, Stlth+}
   (You found it on level 3 of the Dungeon)

   It inflicts extra damage upon your enemies.
   Stlth:     It makes you more stealthy.
 I - a +2 dagger of venom
Missiles
 g - 89 stones
 i - 2 boomerangs (quivered)
 o - 76 arrows
 u - 5 poisoned darts
 B - 40 sling bullets
Armour
 b - a +2 scale mail (worn)
 d - a +0 helmet (worn)
 m - a +0 ring mail
 x - a +1 leather armour of poison resistance
Magical Staves
 D - a staff of air
Jewellery
 r - a ring of magical power (left hand)
 C - a ring of wizardry
Wands
 s - a wand of iceblast (20)
Scrolls
 f - 2 scrolls of identify
 h - a scroll of blinking {unknown}
 k - a scroll of fog {unknown}
 l - 2 scrolls of enchant weapon {unknown}
 y - a scroll of enchant armour {unknown}
 A - a scroll of noise {unknown}
 E - a scroll of fear {unknown}
 G - a scroll of vulnerability {unknown}
Potions
 c - a potion of lignification
 e - 2 potions of might
 j - a potion of magic
 p - 3 potions of haste
 q - a potion of invisibility {unknown}
 v - 2 potions of curing {unknown}
 F - a potion of heal wounds {unknown}
 H - a potion of degeneration {unknown}


   Skills:
 + Level 3.5 Fighting
 + Level 5.2 Short Blades
 + Level 2.4 Long Blades
 + Level 2.4 Axes
 + Level 2.4 Maces & Flails
 + Level 2.4 Polearms
 + Level 2.4 Staves
 + Level 2.4 Slings
 + Level 2.4 Bows
 + Level 2.4 Crossbows
 + Level 2.4 Throwing
 + Level 10.7 Armour
 + Level 5.2 Dodging
 + Level 2.4 Stealth
 + Level 2.4 Shields
 + Level 2.4 Unarmed Combat
 + Level 2.4 Spellcasting
 + Level 2.0 Conjurations
 + Level 2.0 Hexes
 + Level 2.0 Summonings
 + Level 2.0 Necromancy
 + Level 2.0 Translocations
 + Level 2.0 Transmutations
 + Level 2.0 Fire Magic
 + Level 2.0 Ice Magic
 + Level 2.0 Air Magic
 + Level 2.0 Earth Magic
 + Level 2.0 Poison Magic
 + Level 2.6 Invocations
 + Level 2.4 Evocations


You had 10 spell levels left.
You didn't know any spells.
Your spell library contained the following spells:

 Spells                   Type           Power      Damage    Failure   Level
 Animate Skeleton         Necr           10%        N/A       47%         1
 Pain                     Necr           20%        1d5       47%         1
 Corpse Rot               Necr/Air       10%        N/A       63%         2
 Sublimation of Blood     Necr           5%         N/A       63%         2
 Wereblood                Tmut           5%         N/A       63%         2
 Vampiric Draining        Necr           5%         2d6       85%         3
 Dispel Undead            Necr           5%         3d7       99%         4
 Death Channel            Necr           2%         N/A       100%        6
 Summon Hydra             Summ           2%         N/A       100%        7


Dungeon Overview and Level Annotations

Branches:
Dungeon (5/15)
 Temple: D:4-7

Altars:
Cheibriados


Innate Abilities, Weirdness & Mutations

You have very sharp teeth.
Your uncanny sense of smell can sniff out nearby items.
Your experience applies equally to all skills.


Message History

You puncture the wyvern!
The wyvern is almost dead.
The wyvern bites you!
You hear some strange, mumbled words.
Something tries to affect you, but you resist.
The wyvern bites you!
* * * LOW HITPOINT WARNING * * *
You hit the wyvern.
You kill the wyvern!
Something hits you but does no damage.
You are poisoned.
Your Conjurations skill increases to level 2!
Your Hexes skill increases to level 2!
Your Summonings skill increases to level 2!
Your Necromancy skill increases to level 2!
Your Translocations skill increases to level 2!
Your Transmutations skill increases to level 2!
Your Fire Magic skill increases to level 2!
Your Ice Magic skill increases to level 2!
Your Air Magic skill increases to level 2!
Your Earth Magic skill increases to level 2!
Your Poison Magic skill increases to level 2!
You have reached level 7!
Okay, then.
Okay, then.
As you read the scroll labelled LOWUET ODIZ, it crumbles to dust.
It is a scroll of identify.
p - 3 potions of haste You feel very sick.
Something hits you.
* * * LOW HITPOINT WARNING * * *
You are lethally poisoned!
As you read the scroll of identify, it crumbles to dust.
e - 2 potions of might
* * * LOW HITPOINT WARNING * * *
You feel very sick. Something hits you but does no damage.
You are more poisoned.
It was a potion of magic.
Magic courses through your body.
You die...

### #l.. #...
######... ∆
#.......# #.......#
# #.......#######.#
........†@.[....#
#.......######..#
##..........# #.#
..................
##..........###..{#
#........o.# ..#
#..........# .#∆
#........... ..
.............


There were no monsters in sight!

Vanquished Creatures
  A wyvern (D:7)
  2 scorpions (D:4)
  A howler monkey (D:4)
  An iguana (D:4)
  Natasha (thrice) (D:3)
  2 hound skeletons (D:4)
  A howler monkey skeleton (D:7)
  2 adders (D:4)
  An adder skeleton (D:4)
  2 worms
  3 dart slugs
  2 orcs
  3 endoplasms
  4 giant cockroaches
  12 goblins
  8 hobgoblins
  4 jackals (D:4)
  4 quokkas
  8 ball pythons
  7 bats
  14 frilled lizards
  4 kobolds
  6 rats
95 creatures vanquished.

Vanquished Creatures (others)
  3 plants (D:4)
3 creatures vanquished.

Grand Total: 98 creatures vanquished

Notes
Turn   | Place    | Note
-------+----------+-------------------------------------------
     0 | D:1      | Reached skill level 10 in Armour
     0 | D:1      | jimonade the Gnoll Wanderer began the quest for the Orb.
     0 | D:1      | jimonade set off with the following items: a +0 short
                  | sword, a +2 scale mail, a potion of lignification
     0 | D:1      | Reached XP level 1. HP: 17/17 MP: 1/1
   197 | D:1      | Reached XP level 2. HP: 15/23 MP: 2/2
  1118 | D:1      | Reached XP level 3. HP: 28/28 MP: 3/3
  1551 | D:2      | Reached skill level 1 in Invocations
  1591 | D:2      | Found a faded altar of an unknown god.
  1745 | D:2      | Found a snail-covered altar of Cheibriados.
  1990 | D:2      | Reached skill level 1 in Long Blades
  1990 | D:2      | Reached skill level 1 in Axes
  1990 | D:2      | Reached skill level 1 in Maces & Flails
  1990 | D:2      | Reached skill level 1 in Polearms
  1990 | D:2      | Reached skill level 1 in Staves
  1990 | D:2      | Reached skill level 1 in Slings
  1990 | D:2      | Reached skill level 1 in Bows
  1990 | D:2      | Reached skill level 1 in Crossbows
  1990 | D:2      | Reached skill level 1 in Throwing
  1990 | D:2      | Reached skill level 1 in Stealth
  1990 | D:2      | Reached skill level 1 in Shields
  1990 | D:2      | Reached skill level 1 in Unarmed Combat
  1990 | D:2      | Reached skill level 1 in Spellcasting
  1990 | D:2      | Reached skill level 1 in Evocations
  2253 | D:3      | Reached XP level 4. HP: 24/34 MP: 5/5
  2345 | D:3      | Noticed Natasha
  2351 | D:3      | Killed Natasha
  2445 | D:3      | Reached skill level 1 in Conjurations
  2445 | D:3      | Reached skill level 1 in Hexes
  2445 | D:3      | Reached skill level 1 in Summonings
  2445 | D:3      | Reached skill level 1 in Necromancy
  2445 | D:3      | Reached skill level 1 in Translocations
  2445 | D:3      | Reached skill level 1 in Transmutations
  2445 | D:3      | Reached skill level 1 in Fire Magic
  2445 | D:3      | Reached skill level 1 in Ice Magic
  2445 | D:3      | Reached skill level 1 in Air Magic
  2445 | D:3      | Reached skill level 1 in Earth Magic
  2445 | D:3      | Reached skill level 1 in Poison Magic
  2523 | D:3      | Identified the +10 trident "Caul" {vorpal, Stlth+}
  2561 | D:3      | Noticed Natasha
  2564 | D:3      | Killed Natasha
  2565 | D:3      | Reached XP level 5. HP: 40/40 MP: 6/6
  2712 | D:3      | Noticed Natasha
  2716 | D:3      | Killed Natasha
  3273 | D:4      | Reached XP level 6. HP: 43/47 MP: 8/8
  3669 | D:4      | Reached skill level 5 in Short Blades
  3669 | D:4      | Reached skill level 5 in Dodging
  4184 | D:5      | Entered Level 5 of the Dungeon
  4184 | D:5      | You fall into a shaft and drop 2 floors!
  4185 | D:7      | Noticed a wyvern
  4211 | D:7      | Killed a wyvern
  4212 | D:7      | Reached XP level 7. HP: 16/52 MP: 10/10
  4214 | D:7      | Succumbed to an orc wizard's poison

Illustrated notes

Levels and vault maps discovered:
D:1:      co_arrival_random_square_maze, layout_loops_ring
D:2:      layout_basic, hellmonk_ecumenical_altar_lost_god,
          kennysheep_flooded_box
D:3:      layout_loops_ring, kennysheep_generic_room_6, uniq_natasha
D:4:      minmay_bubble_buster, layout_basic, wad_floor_pattern_untrapped,
          minmay_lizard_king
D:5:      layout_loops_corners, minmay_temple_entry_mini_moons,
          cheibrodos_gnoll_hut, uniq_prince_ribbit1
D:7:      layout_basic, mainiacjoe_overflow_cross_hatched

Skill      XL: |  1  2  3  4  5  6 |
---------------+-------------------+-----
Armour         | | 10.7
Invocations    | 1 2 |  2.6
Long Blades    | 1 2 |  2.4
Axes           | 1 2 |  2.4
Maces & Flails | 1 2 |  2.4
Polearms       | 1 2 |  2.4
Staves         | 1 2 |  2.4
Slings         | 1 2 |  2.4
Bows           | 1 2 |  2.4
Crossbows      | 1 2 |  2.4
Throwing       | 1 2 |  2.4
Stealth        | 1 2 |  2.4
Shields        | 1 2 |  2.4
Unarmed Combat | 1 2 |  2.4
Spellcasting   | 1 2 |  2.4
Evocations     | 1 2 |  2.4
Conjurations   | 1 2 |  2.0
Hexes          | 1 2 |  2.0
Summonings     | 1 2 |  2.0
Necromancy     | 1 2 |  2.0
Translocations | 1 2 |  2.0
Transmutations | 1 2 |  2.0
Fire Magic     | 1 2 |  2.0
Ice Magic      | 1 2 |  2.0
Air Magic      | 1 2 |  2.0
Earth Magic    | 1 2 |  2.0
Poison Magic   | 1 2 |  2.0
Fighting       | 3 |  3.5
Short Blades   | 5 |  5.2
Dodging        | 5 |  5.2

Action                   |  1- 3 |  4- 6 |  7- 9 || total
-------------------------+-------+-------+-------++-------
Melee: Short sword       |    84 |       |       ||    84
       Bite              |    21 |     4 |       ||    25
       Punch             |     2 |     1 |       ||     3
       Dagger            |    82 |    20 |       ||   102
       Trident           |       |    77 |       ||    77
Throw: Boomerang         |     8 |    11 |       ||    19
       Dart              |       |     6 |       ||     6
Evoke: Wand              |       |     1 |       ||     1
  Use: Scroll            |       |       |     2 ||     2
       Potion            |       |       |     1 ||     1
 Stab: Sleeping          |       |     1 |       ||     1
Armor: Scale mail        |    81 |    34 |     1 ||   116
Dodge: Dodged            |    69 |    31 |       ||   100
